AoeStats
← Star

Arena

509627911Analyzed
2v2 RM · 4d ago on Sep 27, 2026· 52m 45s· 4 players
Game mode
Random Map
Map size
Medium (4 player)
Population
200
Speed
Normal
Resources
Standard
Victory
Conquest
Starting age
Dark Age
Ending age
Imperial Age
RankedLock teamsTeams togetherTeam positionsShared explorationLock speedFull tech treeHidden civsTurbo modeCheats
Victory
Defeat
🇧🇷 Turks · Brazil
1046
+14
🇧🇷 Magyars · Brazil
1044
+15
🇨🇳 Byzantines · China
1042
-16
🇨🇳 Saxons · China
985
-13
子厚
10:51 Feudal Age
12:07 Loom
15:17 Castle Age
13:19 Horse Collar
14:23 Double-Bit Axe
16:45 Bow Saw
17:14 Heavy Plow
23:48 Wheelbarrow
23:36 Sanctity
23:49 Fletching
25:12 Redemption
28:11 Sanctity
27:55 Atonement
29:36 Elite Skirmisher
30:14 Bodkin Arrow
30:20 Padded Archer Armor
31:52 Leather Archer Armor
42:40 Ballistics
45:22 Thumb Ring
47:07 Crossbowman
Star
9:45 Loom
11:55 Feudal Age
12:27 Double-Bit Axe
12:24 Horse Collar
16:34 Castle Age
14:51 Stone Mining
15:26 Fletching
20:32 Bodkin Arrow
22:57 Guard Tower
24:26 Padded Archer Armor
26:42 Bow Saw
29:25 Murder Holes
35:29 Imperial Age
33:42 Wheelbarrow
32:46 Pikeman
33:52 Forging
33:55 Heavy Plow
36:10 Squires
36:16 Scale Mail Armor
38:38 Iron Casting
39:29 Keep
40:20 Bracer
42:13 Chemistry
40:49 Halberdier
41:05 Elite Skirmisher
42:10 Capped Ram
43:40 Chain Mail Armor
44:19 Leather Archer Armor
wdimateo
10:59 Feudal Age
14:53 Castle Age
12:46 Horse Collar
13:29 Double-Bit Axe
16:35 Bow Saw
16:16 Loom
19:29 Heavy Plow
21:31 Padded Archer Armor
27:49 Wheelbarrow
33:01 Imperial Age
33:35 Leather Archer Armor
35:41 Conscription
40:22 Hand Cart
40:57 Ring Archer Armor
42:09 Artillery
44:26 Elite Janissary
52:36 Two-Man Saw
52:03 Gold Mining
52:41 Forging
52:36 Scale Barding Armor
52:18 Spies/Treason
53:50 Gold Shaft Mining
mano
11:23 Feudal Age
16:07 Castle Age
15:57 Double-Bit Axe
15:54 Horse Collar
18:44 Loom
19:36 Wheelbarrow
22:58 Gold Mining
28:54 Imperial Age
27:51 Bow Saw
28:13 Heavy Plow
28:30 Corvinian Army
29:17 Scale Barding Armor
29:11 Fletching
29:09 Light Cavalry
31:55 Bodkin Arrow
34:43 Padded Archer Armor
36:06 Ballistics
36:47 Chemistry
36:27 Husbandry
37:06 Masonry
37:45 Thumb Ring
38:50 Parthian Tactics
39:27 Bracer
39:34 Recurve Bow
42:42 Conscription
45:41 Heavy Cavalry Archer
52:13 Chain Barding Armor
Connection lost

Rejoining the realm…

Still unreachable

The connection could not be restored.

Session expired

The server has moved on; the page needs a fresh start.